[Event "NJSK 2026 Meisjes C"]
[Site "Helmond, Netherlands"]
[Date "2026.04.28"]
[Round "4.5"]
[White "De Koning, Mila"]
[Black "Bakker, Hannah"]
[Result "1-0"]
[TimeControl "90min/40moves + 30min + 30sec/move"]
[WhiteTitle "-"]
[BlackTitle "-"]
[WhiteFideId "40108694"]
[BlackFideId "40107671"]
[WhiteElo "1638"]
[BlackElo "1634"]

1. e4 e5 2. Nc3 Nf6 3. f4 d5 4. fxe5 Nxe4 5. Qf3 Nxc3 6. bxc3 Qh4+ 7. g3 Qe4+ 8. Qxe4 dxe4 9. Bg2 Nc6 10.
Bxe4 Nxe5 11. d4 Nc4 12. Ne2 Be7 13. O-O O-O 14. Bf4 c6 15. Rab1 Re8 16. Bd3 Nb6 17. c4 Bf6 18. Kg2 g5 19. Bc7 Bd8 20. Bxd8 Rxd8 21.
c3 h6 22. Rf6 Kg7 23. Rbf1 Be6 24. g4 Nxc4 25. Rxe6 fxe6 26. Bxc4 b5 27. Bb3 a5 28. Ng3 Rd6 29. Nh5+ Kg6 30.
Bc2# 1-0

[Event "NJSK 2026 Meisjes C"]
[Site "Helmond, Netherlands"]
[Date "2026.04.29"]
[Round "5.1"]
[White "Elangkumaran, Anumitra"]
[Black "Luong, Thao"]
[Result "0-1"]
[TimeControl "90min/40moves + 30min + 30sec/move"]
[WhiteTitle "-"]
[BlackTitle "-"]
[WhiteFideId "40109070"]
[BlackFideId "1091980"]
[WhiteElo "1768"]
[BlackElo "1855"]

1. e4 e5 2. Nf3 Nc6 3. Bc4 Bc5 4. c3 Nf6 5. d3 d6 6. Nbd2 Be6 7. Bb3 Ne7 8. Nf1 Ng6 9. Ng3 h6 10.
Be3 Bb6 11. d4 O-O 12. O-O c6 13. h3 d5 14. exd5 Nxd5 15. Bxd5 Bxd5 16. Nxe5 Nxe5 17. dxe5 Bxe3 18. fxe3 Qg5 19.
Qe1 Qxe5 20. e4 Be6 21. Rf3 Rad8 22. b3 Rd7 23. Rd1 Rfd8 24. Rxd7 Rxd7 25. Qe2 Qd6 26. Nf5 Bxf5 27. exf5 Re7 28.
Qd3 Qc5+ 29. Qd4 Qxd4+ 30. cxd4 Re4 31. Rd3 Re2 32. a4 Rb2 33. Kf1 Kf8 34. g4 Ke7 35. Ke1 Kd6 36. Kd1 Kd5 37.
Re3 Kd6 38. Kc1 Rh2 39. b4 a5 40. Rb3 axb4 41. Rxb4 Kc7 42. Rb3 Ra2 43. Re3 Kd7 44. Rb3 Kc8 45. Re3 Kd8 46. Rb3 Rxa4 47.
Rxb7 Rxd4 48. Rxf7 Rd7 49. Rxd7+ Kxd7 50. h4 Kd6 51. Kd2 Ke5 52. Ke3 c5 53. Kf3 c4 54. Ke3 c3 55. Kd3 Kf4 56.
g5 hxg5 57. f6 gxf6 58. h5 Kf5 59. Kxc3 g4 60. Kd3 Kg5 61. Ke3 Kxh5 62. Kf2 Kh4 63. Kg2 g3 64. Kg1 Kh3 65. Kh1 g2+ 66.
Kg1 f5 67. Kf2 Kh2 68. Kf3 g1=Q 69. Kf4 Qg3+ 70. Kxf5 Qe3 71. Kg4 Qf2 72. Kh5 Qg3 0-1

[Event "NJSK 2026 Meisjes C"]
[Site "Helmond, Netherlands"]
[Date "2026.04.29"]
[Round "5.3"]
[White "Panzar, Emilia-Andreea"]
[Black "Gnanasekaran, Keerthi"]
[Result "1-0"]
[TimeControl "90min/40moves + 30min + 30sec/move"]
[WhiteTitle "-"]
[BlackTitle "-"]
[WhiteFideId "42210852"]
[BlackFideId "40110508"]
[WhiteElo "1585"]
[BlackElo "1647"]

1. d4 Nf6 2. Bf4 c6 3. Nf3 Qb6 4. Qc1 d6 5. e3 Nh5 6. Bg3 Nxg3 7. hxg3 g6 8. Bd3 Bg7 9. Nbd2 d5 10.
c3 O-O 11. Qc2 Re8 12. Ng5 h6 13. Nxf7 Kxf7 14. Bxg6+ Kf8 15. Bxe8 Kxe8 16. Qg6+ Kf8 17. O-O-O Qa6 18. Nf3 c5 19.
Qxa6 Nxa6 20. dxc5 e6 21. g4 Nxc5 22. g5 hxg5 23. Nxg5 a5 24. Rh3 b6 25. Rf3+ Ke8 26. Rh1 Nd3+ 27.
Kc2 Ne5 28. Rf4 Nc6 29. Rf7 Ra7 30. Rxa7 Nxa7 31. Rd1 Ke7 32. Nf3 Bb7 33. Nd4 Kf7 34. f4 Kf6 35. g4 e5 36. Nf3 exf4 37. exf4 Nb5 38. Ne5 Ke6 39.
Re1 Kd6 40. Nf7+ Kd7 41. g5 d4 42. c4 Nd6 43. Nxd6 Kxd6 44. f5 Be5 45. g6 Bc8 46. Rf1 Ke7 47. Kd2 Kf6 48. b3 Kg5 49.
Rg1+ Kf6 50. g7 Bf4+ 51.
Kd1 Bxf5 52. g8=Q Be3 53. Rf1 Ke5 54. Qd5+ Kf6 55. Rxf5+ Kg6 56. Qe6+ Kg7 57. Rf7+ Kg8 58. Qe8# 1-0

[Event "NJSK 2026 Meisjes C"]
[Site "Helmond, Netherlands"]
[Date "2026.04.29"]
[Round "5.5"]
[White "Oruc, Siraz"]
[Black "De Koning, Mila"]
[Result "1/2-1/2"]
[TimeControl "90min/40moves + 30min + 30sec/move"]
[WhiteTitle "-"]
[BlackTitle "-"]
[WhiteFideId "40125874"]
[BlackFideId "40108694"]
[WhiteElo "1706"]
[BlackElo "1638"]

1. e4 e6 2. d4 d5 3. e5 c5 4. c3 Qb6 5. Nf3 Nc6 6. Bd3 Bd7 7. dxc5 Bxc5 8. O-O a5 9. Nbd2 Nh6 10.
Nb3 Ng4 11. Nxc5 Qxc5 12. Qe2 d4 13. Nxd4 Ngxe5 14. Nxc6 Nxd3 15. Qxd3 Bxc6 16. Be3 Qh5 17. Bd4 Qg5 18. Qg3 Qxg3 19.
hxg3 f6 20. Rfe1 Kf7 21. Rad1 Bd5 22. b3 a4 23. c4 Bc6 24. b4 b5 25. cxb5 Bxb5 26. Bc5 a3 27. Rc1 Rhd8 28. Rc2 e5 29.
Re3 Rd1+ 30. Kh2 Ra1 31. Rec3 Ke6 32. g4 g6 33. Kg3 Bc6 34. f3 Bd5 35. b5 Bxa2 36. Rxa3 Rxa3 37. Bxa3 Bd5 38.
Bc5 Rb1 39. b6 Kd7 40. Be3 Ke6 41. Rc7 f5 42. gxf5+ gxf5 43. Bf2 h5 44. Kh2 Rb2 45. Kg1 Rb1+ 46. Kh2 1/2-1/2

[Event "NJSK 2026 Meisjes C"]
[Site "Helmond, Netherlands"]
[Date "2026.04.29"]
[Round "5.6"]
[White "Bakker, Hannah"]
[Black "Urban, Hannah"]
[Result "1/2-1/2"]
[TimeControl "90min/40moves + 30min + 30sec/move"]
[WhiteTitle "-"]
[BlackTitle "-"]
[WhiteFideId "40107671"]
[BlackFideId "40109364"]
[WhiteElo "1634"]
[BlackElo "1438"]

1. e4 c5 2. Nc3 g6 3. d4 cxd4 4. Qxd4 Nf6 5. Be3 Nc6 6. Qd2 Bg7 7. f3 O-O 8. O-O-O a6 9. Nge2 d6 10. g4 h5 11. gxh5 Nxh5 12.
Bh6 Ne5 13. Bxg7 Nxg7 14. f4 Nc4 15.
Qd3 b5 16. Rg1 e6 17. b3 Nb6 18. Qxd6 Bb7 19. Qxd8 Rfxd8 20. Bh3 b4 21. Nb1 Bxe4 22. Nd2 Bd5 23. Ng3 Ra7 24. Nde4 Kh8 25. c4 Rc8 26. Kb2 Bxe4 27.
Nxe4 a5 28. Nd6 Rf8 29. c5 Nd5 30. Rg4 Ne3 31. Rh4+ Kg8 32. Rg1 Nef5 33. Nxf5 Nxf5 34. Bxf5 exf5 35. Rh5 Rc8 36. Rxf5 Rac7 37.
Rgg5 Kg7 38. h4 f6 39. Rg2 Rxc5 40. Rxc5 Rxc5 1/2-1/2

[Event "NJSK 2026 Meisjes C"]
[Site "Helmond, Netherlands"]
[Date "2026.04.30"]
[Round "6.1"]
[White "Ganeshram, Niranjana"]
[Black "Luong, Thao"]
[Result "1-0"]
[TimeControl "90min/40moves + 30min + 30sec/move"]
[WhiteTitle "-"]
[BlackTitle "-"]
[WhiteFideId "40100480"]
[BlackFideId "1091980"]
[WhiteElo "1753"]
[BlackElo "1855"]

1. e4 e5 2. Nf3 Nc6 3. Bc4 Bc5 4. O-O d6 5. c3 Bg4 6. d3 Nf6 7. Bg5 h6 8. Bh4 g5 9. Bg3 Qd7 10.
Nbd2 Nh5 11. Kh1 Nf4 12.
Bxf4 gxf4 13. b4 Bb6 14. a4 a5 15. b5 Ne7 16. Qb3 O-O 17. d4 Ng6 18. Rae1 Qe7 19. Bd5 Rab8 20. Qa3 Bxf3 21.
Nxf3 Nh4 22. dxe5 Bc5 23. exd6 cxd6 24. Qc1 Nxf3 25. gxf3 Qh4 26. Qb2 Qh5 27. Qe2 Qe5 28. c4 Kh8 29.
Rg1 Rg8 30. Bxf7 Rg5 31. Rxg5 hxg5 32. Bd5 Kg7 33. Rg1 Kf6 34. Qf1 Kg6 35. Qg2 Rh8 36. Bxb7 Qe7 37. Bd5 Qe5 38. Rb1 Bb6 39.
Qg4 Bxf2 40. Qe6+ Qxe6 41. Bxe6 Bb6 42. Rd1 Bc5 43. Rd5 Kf6 44. Bg4 Re8 45. b6 Re5 46. b7 Ba7 47. Rxd6+ Ke7 48.
Ra6 Bb8 49. Ra8 Bd6 50. b8=Q Bxb8 51. Rxb8 Kd6 52. Rd8+ Kc5 53. Rd5+ 1-0

[Event "NJSK 2026 Meisjes C"]
[Site "Helmond, Netherlands"]
[Date "2026.04.30"]
[Round "6.2"]
[White "Panzar, Emilia-Andreea"]
[Black "Ngangbam, Malem"]
[Result "0-1"]
[TimeControl "90min/40moves + 30min + 30sec/move"]
[WhiteTitle "-"]
[BlackTitle "-"]
[WhiteFideId "42210852"]
[BlackFideId "40102343"]
[WhiteElo "1585"]
[BlackElo "1600"]

1. d4 e6 2. Nf3 Nf6 3. Bf4 d5 4. e3 c5 5. Nbd2 Nc6 6. c3 Bd6 7. Bg3 Qc7 8. dxc5 Bxg3 9. hxg3 e5 10.
b4 Bg4 11. Be2 Rd8 12. Nb3 O-O 13. Ng5 Bxe2 14. Qxe2 h6 15. Nf3 d4 16. cxd4 exd4 17. Nfxd4 Nxb4 18. Qc4 Nbd5 19. Nf5 Qe5 20.
Nbd4 Ng4 21. Qe2 Ngf6 22. g4 Ne7 23. Nxe7+ Qxe7 24. Rc1 Rfe8 25. Nf5 Qe4 26. f3 Qb4+ 27. Kf1 Rd2 28. Qc4 Qxc4+ 29. Rxc4 Rd1+ 30. Ke2 Rxh1 31. Nd6 Re7 32. Nc8 Rc7 33. Nxa7 Nd7 34. c6 bxc6 35. Nxc6 Nb8 36. Ne7+ Rxe7 37.
Rc8+ Kh7 38. Rxb8 Ra7 39. Rb2 Ra1 40. f4 R1xa2 41. Rxa2 Rxa2+ 42. Kf3 g6 43. f5 Kg7 44. fxg6 Kxg6 45.
Kg3 Kg5 46. Kh3 Ra3 47. g3 Rxe3 48. Kh2 Kxg4 49. Kg2 Rxg3+ 50. Kh1 Kf3 51. Kh2 Kf2 52. Kh1 Rh3+ 0-1

[Event "NJSK 2026 Meisjes C"]
[Site "Helmond, Netherlands"]
[Date "2026.04.30"]
[Round "6.4"]
[White "De Koning, Mila"]
[Black "Gnanasekaran, Keerthi"]
[Result "1-0"]
[TimeControl "90min/40moves + 30min + 30sec/move"]
[WhiteTitle "-"]
[BlackTitle "-"]
[WhiteFideId "40108694"]
[BlackFideId "40110508"]
[WhiteElo "1638"]
[BlackElo "1647"]

1. e4 e5 2. Nc3 Nc6 3. Bc4 Bc5 4. Qg4 g6 5. Qf3 Nf6 6. Nge2 d6 7. h3 a6 8. d3 h6 9. O-O Na5 10.
Nd5 Nxd5 11. Bxd5 Be6 12. Bxe6 fxe6 13. Qg4 Qf6 14. Be3 h5 15. Qg3 Bxe3 16. fxe3 Qg7 17. Qg5 Rg8 18. Rf6 Kd7 19.
Raf1 Raf8 20. Rxf8 Rxf8 21. Rxf8 Qxf8 22. Qxg6 Qe8 23. Qh7+ Kc8 24. b3 Nc6 25. a3 Ne7 26. Ng3 Kd7 27.
Nxh5 Qg6 28. Qxg6 Nxg6 29. Kf2 d5 30. exd5 exd5 31. g4 Ke6 32. Ng7+ Kf7 33. Nf5 b5 34. Kf3 c5 35. Kg3 d4 36.
exd4 exd4 37. b4 c4 38. dxc4 bxc4 39. Nxd4 Ne7 40. Nf3 c3 41. Ng5+ Kg6 42. Ne4 Nd5 43. Kf3 Kh6 44. h4 Kg6 45.
Nc5 Nc7 46. Ke4 Nb5 47. Nxa6 Nxa3 48. Kd3 Nb5 49. Nc5 Kh6 50. Kc4 Nd6+ 51. Kxc3 Kg6 52. Kd4 Kf6 53. Ne4+ Nxe4 54. Kxe4 Kg6 55.
b5 Kf6 56. b6 Kg6 57. b7 Kf6 58. b8=Q Kg6 59. Qf8 Kh7 60. Ke5 Kg6 61. Qg8+ Kh6 62. Qg5+ Kh7 63. Kf6 Kh8 64. Qg7# 1-0

[Event "NJSK 2026 Meisjes C"]
[Site "Helmond, Netherlands"]
[Date "2026.04.30"]
[Round "6.5"]
[White "Bakker, Hannah"]
[Black "Oruc, Siraz"]
[Result "0-1"]
[TimeControl "90min/40moves + 30min + 30sec/move"]
[WhiteTitle "-"]
[BlackTitle "-"]
[WhiteFideId "40107671"]
[BlackFideId "40125874"]
[WhiteElo "1634"]
[BlackElo "1706"]

1. e4 e5 2. Nf3 Nc6 3. Bc4 Bc5 4. c3 Nf6 5. d4 exd4 6. e5 d5 7. Bb5 Ne4 8. cxd4 Bb6 9. Nc3 O-O 10.
h3 Bf5 11. O-O a6 12. Ba4 h6 13. Be3 f6 14. Bxc6 bxc6 15. Rc1 Qd7 16. Re1 Rae8 17. exf6 Rxf6 18. Ne5 Qd6 19. f3 Nxc3 20.
bxc3 c5 21. Qa4 Rfe6 22. Qxa6 cxd4 23. cxd4 Bxd4 24. Qxd6 Bxe3+ 25. Rxe3 cxd6 26. g4 Bh7 27. f4 dxe5 28. fxe5 Rxe5 29. Rxe5 Rxe5 30. Rc5 Be4 31. a4 Re6 32. a5 Ra6 33.
Kf2 Kf7 34. Ke3 Ke6 35. Kd4 Kd6 36. h4 g6 37. Rb5 Kc6 38. Rc5+ Kd6 39. Rb5 g5 40. hxg5 hxg5 41. Rc5 Rc6 42.
Rb5 Rc4+ 43. Ke3 Ra4 44. Rb6+ Kc5 45. Rb8 Rxa5 46. Rg8 Ra3+ 47. Ke2 Rg3 48. Rxg5 Bf3+ 49. Kf2 Rxg4 50. Rxg4 Bxg4 51.
Ke3 Kc4 52. Kd2 Kd4 53. Kc2 Ke3 0-1

[Event "NJSK 2026 Meisjes C"]
[Site "Helmond, Netherlands"]
[Date "2026.04.30"]
[Round "6.8"]
[White "Barbier, Sarah"]
[Black "Urban, Hannah"]
[Result "1/2-1/2"]
[TimeControl "90min/40moves + 30min + 30sec/move"]
[WhiteTitle "-"]
[BlackTitle "-"]
[WhiteFideId "1095420"]
[BlackFideId "40109364"]
[WhiteElo "1487"]
[BlackElo "1438"]

1. e4 c5 2. Nf3 g6 3. Bc4 Bg7 4. c3 e6 5. d4 cxd4 6. cxd4 Ne7 7. O-O d5 8. exd5 Nxd5 9. Nc3 Nb6 10.
Bb3 O-O 11. Bg5 Qe8 12. Re1 Bd7 13. d5 e5 14. Nxe5 Qc8 15. Rc1 f6 16. Nc6 bxc6 17. dxc6+ Kh8 18. cxd7 Qxd7 19. Qxd7 N8xd7 20. Be3 Ne5 21. Rcd1 Rfd8 22. Nd5 Nxd5 23. Rxd5 Nd3 24. Rd1 Rxd5 25. Bxd5 Nxb2 26. Bxa8 Nxd1 27. Bxa7 Bf8 28. a4 Kg7 29.
a5 Nc3 30. Bc6 Na2 31. Bb6 Nb4 32. Bb7 h5 33. f3 Be7 34. Kf2 Kf7 35. Ke3 Ke6 36. Kd4 Kd7 37. a6 Nxa6 38. Bxa6 Ke8 39.
Bc4 Bd6 40. h3 Kf8 41. Bc5 Bxc5+ 42. Kxc5 Kg7 43. h4 g5 44. hxg5 fxg5 45. Kd5 Kf6 46. Ke4 Kg6 47. Bf7+ Kxf7 48.
Kf5 g4 49. fxg4 hxg4 50. Kxg4 Kg8 51. Kg5 Kf7 52. g3 Kf8 53. Kg6 Kg8 54. g4 Kh8 55. Kf7 Kh7 56. g5 Kh8 57. Kf6 Kh7 58.
g6+ Kh8 59. Kg5 Kg8 60. Kf4 Kf8 61. Kf5 Kg7 62. Kg5 Kg8 63. Kh6 Kh8 1/2-1/2

[Event "NJSK 2026 Meisjes C"]
[Site "Helmond, Netherlands"]
[Date "2026.05.01"]
[Round "7.1"]
[White "Ngangbam, Malem"]
[Black "Ganeshram, Niranjana"]
[Result "1-0"]
[TimeControl "90min/40moves + 30min + 30sec/move"]
[WhiteTitle "-"]
[BlackTitle "-"]
[WhiteFideId "40102343"]
[BlackFideId "40100480"]
[WhiteElo "1600"]
[BlackElo "1753"]

1. e4 e5 2. Nf3 Nc6 3. Bc4 Bc5 4. c3 Nf6 5. b4 Bb6 6. d3 d6 7. Nbd2 O-O 8. O-O Bg4 9. h3 Bh5 10.
Re1 Qd7 11. Nf1 Rad8 12. Bg5 Kh8 13. Ng3 Bg6 14. Nh4 Rde8 15. Qf3 Ng8 16. Nhf5 Nce7 17. h4 Bxf5 18. exf5 d5 19. f6 Nxf6 20.
Bxf6 gxf6 21. Qxf6+ Kg8 22. Rxe5 Qd6 23. Nh5 Qxf6 24. Nxf6+ Kh8 25. Nxe8 dxc4 26. Rxe7 cxd3 27. Rd1 c5 28. Rxd3 c4 29. Rdd7 a5 30. Nf6 Kg7 31. Nh5+ Kh6 32.
Rd6+ Kxh5 33. Rxb6 axb4 34. Rxb4 Ra8 35. a4 Rc8 36. Rxf7 Kxh4 37. Rb5 Rg8 38. Rf4+ Rg4 39. g3+ Kh3 40.
Rh5+ Rh4 41. Rfxh4# 1-0

[Event "NJSK 2026 Meisjes C"]
[Site "Helmond, Netherlands"]
[Date "2026.05.01"]
[Round "7.2"]
[White "Luong, Thao"]
[Black "De Koning, Mila"]
[Result "1-0"]
[TimeControl "90min/40moves + 30min + 30sec/move"]
[WhiteTitle "-"]
[BlackTitle "-"]
[WhiteFideId "1091980"]
[BlackFideId "40108694"]
[WhiteElo "1855"]
[BlackElo "1638"]

1. e4 e6 2. d4 d5 3. Nc3 Nf6 4. e5 Nfd7 5. Nce2 c5 6. c3 Nc6 7. f4 cxd4 8. cxd4 Qa5+ 9. Nc3 Bb4 10.
Nge2 f6 11. Bd2 fxe5 12. fxe5 O-O 13. a3 Bxc3 14. bxc3 Qd8 15. Nf4 Qe7 16. Bd3 Nb6 17. Bxh7+ Kxh7 18. Qh5+ Kg8 19. Ng6 Qd8 20.
Qh8+ Kf7 21. Nxf8 Ne7 22. O-O+ Nf5 23. Qh5+ Kg8 24. Qh7+ Kf7 25. Qh5+ Kg8 26. Ng6 Qc7 27. g4 Nc4 28.
gxf5 exf5 29. Bg5 Be6 30. Ne7+ Kf8 31. Qh8+ Kf7 32. Qxa8 a6 33. Qg8# 1-0

[Event "NJSK 2026 Meisjes C"]
[Site "Helmond, Netherlands"]
[Date "2026.05.01"]
[Round "7.3"]
[White "Elangkumaran, Anumitra"]
[Black "Panzar, Emilia-Andreea"]
[Result "0-1"]
[TimeControl "90min/40moves + 30min + 30sec/move"]
[WhiteTitle "-"]
[BlackTitle "-"]
[WhiteFideId "40109070"]
[BlackFideId "42210852"]
[WhiteElo "1768"]
[BlackElo "1585"]

1. e4 c6 2. d4 d5 3. exd5 cxd5 4. c4 Nf6 5. Nc3 e6 6. Nf3 Be7 7. Bd3 dxc4 8. Bxc4 O-O 9. O-O Nc6 10.
Be3 b6 11. Qe2 Ng4 12. Rfd1 Nxe3 13. Qxe3 Nb4 14. Qe4 Ba6 15. Bxa6 Nxa6 16. d5 Nc5 17. Qe3 Qc8 18. Rac1 Qa6 19.
b4 Na4 20. dxe6 Nxc3 21. exf7+ Rxf7 22. Qxc3 Qxa2 23. Rd2 Qa4 24. Rb1 Rf4 25. Qe5 Rf7 26. Ng5 Bxg5 27. Qxg5 Rd7 28. h3 Rad8 29.
Rxd7 Rxd7 30. Rc1 Rd1+ 31. Rxd1 Qxd1+ 32. Kh2 Qd6+ 33. g3 Qd4 34. Qf5 Qxb4 35. Qd5+ Kf8 36. Qa8+ Ke7 37. Qxa7+ Kf6 38.
Qa1+ Kg6 39. Qe5 Qf8 40. Kg2 Qf5 41. Qd6+ Qf6 42. Qd3+ Qf5 43. Qd6+ Qf6 44. Qd3+ Kf7 45. Qxh7 Qc6+ 46.
Kf1 b5 47. Qf5+ Kg8 48. h4 Qc4+ 49. Ke1 b4 50. Qe5 Kf7 51. Qf5+ Ke7 52. Qg5+ Kd6 53. Qxg7 b3 54. Qf8+ Kc7 55.
Qe7+ Kb6 56. Qd8+ Kb5 57. Qd2 Ka4 58. Qb2 Kb4 59. Kd2 Qd5+ 60. Ke3 Qc5+ 61. Kd3 Qc4+ 62. Kd2 Qc5 63. Kd3 Ka4 64.
f4 Qd5+ 65. Ke3 Qc5+ 66. Kd3 Kb4 67. Kd2 Qf2+ 68. Kc1 Qe1# 0-1

[Event "NJSK 2026 Meisjes C"]
[Site "Helmond, Netherlands"]
[Date "2026.05.01"]
[Round "7.6"]
[White "Gnanasekaran, Keerthi"]
[Black "Bakker, Hannah"]
[Result "1/2-1/2"]
[TimeControl "90min/40moves + 30min + 30sec/move"]
[WhiteTitle "-"]
[BlackTitle "-"]
[WhiteFideId "40110508"]
[BlackFideId "40107671"]
[WhiteElo "1647"]
[BlackElo "1634"]

1. e4 e5 2. Nf3 Nc6 3. Bc4 Bc5 4.
d3 Nf6 5. Bg5 h6 6. Bh4 d6 7. h3 Be6 8. Nfd2 Qe7 9. c3 a6 10. Nb3 Bb6 11. N1d2 O-O-O 12. Bd5 Bxd5 13. exd5 Nb8 14.
c4 Nbd7 15. Qc2 Rhe8 16. Ne4 g5 17. Bg3 Nxe4 18. dxe4 Nc5 19. Nxc5 Bxc5 20. a3 Bd4 21. O-O-O Rg8 22. f3 Rdf8 23.
b4 b6 24. Bf2 Bxf2 25. Qxf2 f5 26. Rhe1 Qh7 27. Qe2 fxe4 28. fxe4 Rf4 29. g3 Rf6 30. Rf1 Rgf8 31. Rxf6 Rxf6 32.
Re1 Kb7 1/2-1/2

[Event "NJSK 2026 Meisjes C"]
[Site "Helmond, Netherlands"]
[Date "2026.05.01"]
[Round "7.8"]
[White "Jongejan, Evienne"]
[Black "Barbier, Sarah"]
[Result "1-0"]
[TimeControl "90min/40moves + 30min + 30sec/move"]
[WhiteTitle "-"]
[BlackTitle "-"]
[WhiteFideId "40109798"]
[BlackFideId "1095420"]
[WhiteElo "1488"]
[BlackElo "1487"]

1. e4 e5 2. Nf3 Nc6 3. d4 exd4 4. Nxd4 Bb4+ 5. Nc3 Nf6 6. Nxc6 bxc6 7. Bd3 d5 8. exd5 cxd5 9. O-O O-O 10.
Bg5 c6 11. Qf3 Qd6 12. Qg3 Qe6 13. Bxf6 Qxf6 14. Rfe1 Bf5 15. Qf4 Bxd3 16. Qxf6 gxf6 17. cxd3 d4 18. Re4 Rfd8 19. Ne2 c5 20. Rg4+ Kh8 21. Nf4 Rd6 22. Nh5 Re8 23. Kf1 c4 24.
Nf4 c3 25. bxc3 dxc3 26. Ne2 Ba3 27. Nxc3 Bb2 28. Nb5 Rb6 29. Nc7 Rc8 30. Re1 Be5 31. Nd5 Rd6 32. Ne7 Re8 33. Nf5 Rxd3 34.
f4 Rd2 35. fxe5 fxe5 36. Nh6 Rf8 37. Rb1 Rd7 38. Rb3 f5 39. Rg5 Rd6 40. Nf7+ Rxf7 41. Rb8+ Rd8 42. Rxd8+ Rf8 43. Rxf8# 1-0

[Event "NJSK 2026 Meisjes C"]
[Site "Helmond, Netherlands"]
[Date "2026.05.01"]
[Round "8.1"]
[White "Ngangbam, Malem"]
[Black "Luong, Thao"]
[Result "0-1"]
[TimeControl "90min/40moves + 30min + 30sec/move"]
[WhiteTitle "-"]
[BlackTitle "-"]
[WhiteFideId "40102343"]
[BlackFideId "1091980"]
[WhiteElo "1600"]
[BlackElo "1855"]

1. e4 e5 2. Nf3 Nc6 3. Bc4 Bc5 4. c3 Nf6 5. b4 Bb6 6.
d3 d6 7. Nbd2 Be6 8. a4 a5 9.
b5 Ne7 10. Qb3 Qc8 11. Ba3 Bc5 12. Bxc5 dxc5 13. Nxe5 O-O 14. O-O c6 15. f4 cxb5 16. axb5 Bxc4 17. Ndxc4 Qc7 18. Rf3 Kh8 19.
Rh3 Rad8 20. b6 Qc8 21. Rxa5 Ng4 22. Qd1 Nxe5 23. Nxe5 f6 24. Qh5 h6 25. Ng4 Ng8 26. f5 c4 27.
d4 Qd7 28. Rd5 Qa4 29. Rxd8 Qd1+ 30. Kf2 Qd2+ 31. Kg3 Qxc3+ 32. Kh4 Qe1+ 33. g3 Rxd8 34. Qg6 Qd2 0-1

[Event "NJSK 2026 Meisjes C"]
[Site "Helmond, Netherlands"]
[Date "2026.05.01"]
[Round "9.1"]
[White "Luong, Thao"]
[Black "Ngangbam, Malem"]
[Result "1-0"]
[TimeControl "90min/40moves + 30min + 30sec/move"]
[WhiteTitle "-"]
[BlackTitle "-"]
[WhiteFideId "1091980"]
[BlackFideId "40102343"]
[WhiteElo "1855"]
[BlackElo "1600"]

1. e4 e5 2. Nf3 Nc6 3. Bc4 Nf6 4. d3 Bc5 5.
c3 d6 6. Nbd2 a6 7. a4 Ba7 8.
h3 Be6 9. Bb3 d5 10. Bc2 d4 11.
Nf1 O-O 12. Ng3 Qd6 13. Nh4 Ne7 14. O-O Nd7 15. Ngf5 Bxf5 16. Nxf5 Nxf5 17. exf5 Qf6 18. Qf3 c6 19. c4 Rfe8 20.
b4 e4 21. Qg4 exd3 22. Bxd3 Ne5 23. Qd1 Nxd3 24. Qxd3 Re5 25. Bb2 Rae8 26. c5 Rd5 27. Rae1 Rxe1 28. Rxe1 h6 29. Re8+ Kh7 30.
Ra8 Bxc5 31. bxc5 Qe5 32. f6+ g6 33. Qd2 Qxf6 34. Bc1 g5 35. Qd3+ Kg7 36. Bb2 Qe5 37. Qd2 Qf6 38. Qd3 Qe5 1-0